 Dungeon Crawl Stone Soup version 0.30-a0-355-g4c39ff33d3 (webtiles) character file.

Game seed: 10403128845282514392

41 Elric the Chopper (level 3, -1/33 HPs)
             Began as a Minotaur Fighter on Nov 8, 2022.
             Slain by Sigmund
             ... wielding a +0 scythe
              (8 damage)
             ... on level 2 of the Dungeon.
             The game lasted 00:01:03 (786 turns).

Elric the Chopper (Minotaur Fighter)                 Turns: 786, Time: 00:01:03

Health: -1/33      AC:  7    Str: 22    XL:     3   Next: 32%
Magic:  2/2        EV:  9    Int:  5    God:
Gold:   26         SH:  0    Dex:  9    Spells: 2/2 levels left

rFire   . . .      SeeInvis .    a - +0 war axe
rCold   . . .      Faith    .    c - +0 buckler
rNeg    . . .      Spirit   .    b - +0 scale mail
rPois   .          Reflect  .    (helmet restricted)
rElec   .          Harm     .    (no cloak)
rCorr   .          Rampage  .    (no gloves)
Will    .....                    (no boots)
Stlth   ..........               (no amulet)
HPRegen 0.25/turn                (no ring)
MPRegen 0.08/turn                (no ring)

@: confused, mighty, hasted, very quick
A: horns 2, retaliatory headbutt
a: no special abilities


You were on level 2 of the Dungeon.
You visited 1 branch of the dungeon, and saw 2 of its levels.

You collected 26 gold pieces.

Inventory:

Hand Weapons
 a - a +0 war axe (weapon)
Armour
 b - a +0 scale mail (worn)
 c - a +0 buckler (worn)
Scrolls
 e - a scroll of fog {unknown}
 g - a scroll of teleportation {unknown}
 h - a scroll of vulnerability {unknown}
 i - a scroll of noise {unknown}
 j - 4 scrolls of enchant weapon {unknown}
 k - a scroll of identify {unknown}
 l - 2 scrolls of amnesia {unknown}


   Skills:
 - Level 3.8 Fighting
 + Level 4.1 Axes
 - Level 3.8 Armour
 - Level 3.8 Shields


You had 2 spell levels left.
You didn't know any spells.
Your spell library contained the following spells:

 Spells                   Type           Power      Damage    Failure   Level
 Summon Small Mammal      Summ           0%         N/A       87%         1
 Call Canine Familiar     Summ           0%         N/A       99%         3
 Summon Guardian Golem    Hex/Summ       0%         N/A       99%         3


Dungeon Overview and Level Annotations

Branches:
Dungeon (2/15)

Altars:

Annotations:
D:2 Sigmund


Innate Abilities, Weirdness & Mutations

You have a pair of horns on your head.
You reflexively headbutt those who attack you in melee.


Message History

Sigmund shouts!
The worm bites you but does no damage. You block the worm's attack.
You hit the worm but do no damage.
You headbutt the worm, but do no damage.
You hit the worm but do no damage. The worm bites you.
The worm closely misses you. You furiously retaliate!
You headbutt the worm.
Sigmund mumbles some strange words.
Sigmund flickers and vanishes!
Deactivating autopickup; reactivate with Ctrl-A.
You slash the worm!
The worm is almost dead.
You hit the worm. The worm barely misses you. x2
You slash the worm!
You kill the worm!
You hit the worm but do no damage.
Your Axes skill increases to level 4!
Unknown command.
You hit the worm but do no damage. You headbutt the worm!
The worm is severely wounded.
You hear some strange, mumbled words.
Something tries to affect you, but you resist.
You block the worm's attack.
A magic dart appears from out of thin air!
The magic dart hits you.
You hit the worm.
The worm is almost dead.
Something hits you but does no damage. The worm bites you.
You hit the worm.
You kill the worm!
Something hits you.
You miss something. Something hits you!
You hit something. Your headbutt misses something.
You hear some strange, mumbled words.
You are confused.
Something hits you!
* * * LOW HITPOINT WARNING * * *
It was a potion of haste.
You feel yourself speed up.
You feel very mighty all of a sudden. Something hits you!
You die...

####### ....$..
.......######
.......#....#
.......#....#
......{@....####.......♣
.......#....#...........
########....#...........
#....#...........
#....#........... #
#....#........^.#
..#####'###..........#
........###..........#
..#..................>


There were no monsters in sight!

Vanquished Creatures
  2 worms (D:2)
  2 dart slugs (D:1)
  6 endoplasms
  A goblin (D:1)
  3 hobgoblins (D:1)
  5 ball pythons
  3 bats (D:1)
  5 frilled lizards
  4 kobolds (D:1)
  2 rats (D:1)
33 creatures vanquished.

Notes
Turn   | Place    | Note
-------+----------+-------------------------------------------
     0 | D:1      | Elric the Minotaur Fighter began the quest for the Orb.
     0 | D:1      | Reached XP level 1. HP: 19/19 MP: 0/0
   105 | D:1      | Reached XP level 2. HP: 17/27 MP: 1/1
   248 | D:1      | Reached skill level 3 in Axes
   436 | D:1      | Reached XP level 3. HP: 32/33 MP: 2/2
   775 | D:2      | Noticed Sigmund
   779 | D:2      | Reached skill level 4 in Axes
   786 | D:2      | Slain by Sigmund

Illustrated notes

Levels and vault maps discovered:
D:1:      lightli_arrival_statue_moat, layout_basic, minmay_tetromino_s2
D:2:      layout_basic, shapermc_ecumenical_altar_mp_highgroup,
          minmay_stone_trees_small, uniq_sigmund

Skill      XL: |  1  2  3 |
---------------+----------+-----
Axes           | 3 4 |  4.1
Fighting       | |  3.8
Armour         | |  3.8
Shields        | |  3.8

Action                   || total
-------------------------++-------
Melee: War axe           ||    67
       Headbutt          ||    10
  Use: Potion            ||     2
Armor: Scale mail        ||    29
Dodge: Dodged            ||    31
Block: Buckler           ||    15

Table legend: (Time is in decaauts)
 A = Elapsed time spent in this place.
 B = Non-inter-level travel time spent in this place.
 C = Inter-level travel time spent in this place.
 D = Time resting spent in this place.
 E = Time spent auto-exploring this place.
 F = Levels seen in this place.
 G = Mean time per level.
                   A        B        C        D        E       F      G
               +--------+--------+--------+--------+--------+-----+--------+
         Total |    810 |    788 |     22 |      0 |    621 |   2 |  405.0 |
       Dungeon |    810 |    788 |     22 |      0 |    621 |   2 |  405.0 |
               +--------+--------+--------+--------+--------+-----+--------+

Top non-repeatable levels by time:
     D:1: 716 daAuts
     D:2: 94 daAuts
